AoeStats
← |GaoeG| flamingo

Enclosed

504192284Analyzed
1v1 RM · 27d ago on Sep 4, 2026· 53m 25s· 2 players
Game mode
Random Map
Map size
Tiny (2 player)
Population
200
Speed
Normal
Resources
Standard
Victory
Conquest
Starting age
Dark Age
Ending age
Imperial Age
RankedLock teamsTeams togetherTeam positionsShared explorationLock speedFull tech treeHidden civsTurbo modeCheats
Victory
Defeat
🇭🇰 Burmese · Hong Kong SAR China
1450
+13
🇪🇸 Mongols · Spain
1391
-13
|GaoeG| flamingo
6:10 Loom
8:15 Feudal Age
9:21 Double-Bit Axe
12:27 Fletching
17:35 Gold Mining
18:59 Forging
20:18 Town Watch
23:44 Castle Age
23:44 Bloodlines
24:23 Scale Barding Armor
24:29 Forging
25:24 Bow Saw
24:57 Horse Collar
25:21 Husbandry
28:02 Light Cavalry
30:16 Wheelbarrow
35:34 Hand Cart
40:32 Imperial Age
40:12 Bodkin Arrow
40:17 Padded Archer Armor
43:24 Ballistics
44:05 Chemistry
43:53 Conscription
44:07 Leather Archer Armor
43:53 Bracer
44:14 Chain Barding Armor
44:30 Iron Casting
45:58 Elite Mangudai
49:57 Gold Shaft Mining
51:06 Blast Furnace
51:17 Hussar
小米加步槍
6:38 Loom
8:50 Feudal Age
12:11 Wheelbarrow
17:08 Gold Mining
21:50 Castle Age
20:26 Fletching
20:36 Padded Archer Armor
24:14 Scale Barding Armor
24:21 Forging
25:00 Bloodlines
24:50 Husbandry
25:37 Gold Shaft Mining
25:29 Pikeman
27:59 Horse Collar
31:04 Stone Mining
34:04 Iron Casting
33:29 Scale Mail Armor
35:46 Bodkin Arrow
40:30 Imperial Age
39:01 Chain Mail Armor
39:35 Ballistics
39:57 Hand Cart
40:37 Elite Arambai
41:45 Parthian Tactics
41:22 Bracer
42:15 Conscription
43:35 Plate Mail Armor
44:05 Blast Furnace
43:07 Squires
44:36 Chemistry
44:26 Manipur Cavalry
45:10 Siege Engineers
46:03 Chain Barding Armor
45:06 Halberdier
47:26 Elite Skirmisher
49:54 Onager
50:40 Light Cavalry
51:57 Plate Barding Armor
Connection lost

Rejoining the realm…

Still unreachable

The connection could not be restored.

Session expired

The server has moved on; the page needs a fresh start.